 Dungeon Crawl Stone Soup version 0.23.2-33-g5129a83184 (webtiles) character file.

Game seed: 7878905736678279344

522 Feetnoise the Poker (level 7, -8/91 HPs)
             Began as a Minotaur Berserker on July 4, 2019.
             Was a Priest of Trog.
             Killed from afar by Dowan (21 damage)
             ... with a stone arrow
             ... on level 4 of the Dungeon on July 5, 2019.
             The game lasted 00:38:04 (4543 turns).

Feetnoise the Poker (Minotaur Berserker)            Turns: 4543, Time: 00:38:04

Health: -8/91      AC:  9    Str: 29    XL:     7   Next: 1%
Magic:  6/6        EV: 11    Int:  4    God:    Trog [***...]
Gold:   144        SH:  0    Dex:  9    Spells: 6/6 levels left

rFire    . . .     SeeInvis .   k - +0 spear
rCold    + + .     Gourm    .   (no shield)
rNeg     . . .     Faith    .   e - +0 scale mail
rPois    +         Spirit   .   (helmet restricted)
rElec    +         Reflect  .   g - +0 cloak
rCorr    +         Harm     .   (no gloves)
MR       .....                  i - +0 pair of boots
Stlth    ..........             (no amulet)
HPRegen  0.25/turn              q - ring of ice
MPRegen  0.10/turn              (no ring)

@: berserking, lethally poisoned (-8 -> -9), resistant, starving, very quick
A: retaliatory headbutt, horns 2
a: Berserk, Trog's Hand, Renounce Religion


You were on level 4 of the Dungeon.
You worshipped Trog.
Trog was most pleased with you.
You were starving.

You visited 1 branch of the dungeon, and saw 4 of its levels.

You collected 144 gold pieces.

Inventory:

Hand Weapons
 k - a +0 spear (weapon)
 x - a +0 trident
Missiles
 t - 3 exploding tomahawks (quivered)
Armour
 e - a +0 scale mail (worn)
 g - a +0 cloak (worn)
 i - a +0 pair of boots (worn)
Jewellery
 q - a ring of ice (left hand)
Scrolls
 a - 3 scrolls of noise {unknown}
 b - a scroll of amnesia {unknown}
 f - a scroll of random uselessness {unknown}
 j - 2 scrolls of immolation
 p - 2 scrolls of fog
 s - a scroll of magic mapping {unknown}
Potions
 l - a potion of lignification {unknown}
 u - a potion of curing {unknown}
Comestibles
 c - 5 rations


   Skills:
 + Level 5.3 Fighting
 + Level 6.8 Polearms
 + Level 5.0 Armour
 + Level 3.5 Dodging
 + Level 0.2 Stealth


You had 6 spell levels left.
You didn't know any spells.
Your spell library was empty.

Dungeon Overview and Level Annotations

Branches:
Dungeon (4/15)
 Temple: D:4-7

Altars:
Gozag
Kikubaaqudgha
Qazlal
Trog
Zin

Annotations:
D:4 Dowan


Innate Abilities, Weirdness & Mutations

You reflexively headbutt those who attack you in melee.
You have a pair of horns on your head.


Message History

You are too berserk!
You hit Duvessa. You headbutt Duvessa!
Duvessa is severely wounded.
You puncture Duvessa!
You kill Duvessa!
Trog accepts your kill.
Dowan seems overcome with grief, but rights himself reflexively soon after.
Dowan seems to find hidden reserves of power!
You have reached level 7!
You puncture the worm!
The worm is almost dead.
You feel sick. The worm bites you.
* * * LOW HITPOINT WARNING * * *
You hit the worm.
You kill the worm!
Trog accepts your kill.
Your Armour skill increases to level 5!
Dowan points at you and mumbles some strange words.
The stone arrow hits you!!
You die...

..........
#..=.....#
#.#........+
#.#........#
######.#........#
................#
#...........†?....+
#...........).....#
#...........@.....#
#.................#
#........e........#
#.................#
#.........##.######
#.........##.#
#.........##.#
#.....†...##>.
#.........####


You could see Dowan.

Vanquished Creatures
  Duvessa (D:4)
  Blork the orc (D:4)
  A hound (D:4)
  An orc wizard (D:3)
  Natasha (D:4)
  A worker ant (D:4)
  9 adders
  4 worms
  2 dart slugs
  4 leopard geckos
  17 orcs
  5 bats
  3 bat zombies (D:4)
  4 giant cockroaches
  13 goblins
  14 hobgoblins
  10 jackals
  5 quokkas (D:2)
  A ball python (D:1)
  5 frilled lizards (D:2)
  13 kobolds
  11 rats
  3 rat zombies (D:4)
129 creatures vanquished.

Notes
Turn   | Place    | Note
-------+----------+-------------------------------------------
     0 | D:1      | Feetnoise the Minotaur Berserker began the quest for the
                  | Orb.
     0 | D:1      | Reached XP level 1. HP: 19/19 MP: 0/0
   199 | D:1      | Reached XP level 2. HP: 24/27 MP: 1/1
   284 | D:1      | Reached skill level 4 in Polearms
   339 | D:1      | Reached XP level 3. HP: 33/33 MP: 2/2
   459 | D:1      | Reached ** piety under Trog
   560 | D:2      | Found an opulent altar of Gozag.
  1177 | D:2      | Reached skill level 5 in Polearms
  1177 | D:2      | Reached XP level 4. HP: 34/41 MP: 3/3
  2020 | D:2      | Reached *** piety under Trog
  2462 | D:3      | Reached XP level 5. HP: 47/47 MP: 4/4
  2514 | D:3      | Found a stormy altar of Qazlal.
  2623 | D:3      | Received a gift from Trog
  3417 | D:3      | Reached skill level 6 in Polearms
  3492 | D:3      | Found a bloodstained altar of Trog.
  3980 | D:3      | Found a glowing silver altar of Zin.
  4109 | D:4      | Reached skill level 5 in Fighting
  4109 | D:4      | Reached XP level 6. HP: 46/56 MP: 5/5
  4115 | D:4      | Noticed Natasha
  4121 | D:4      | Killed Natasha
  4390 | D:4      | Noticed Blork the orc
  4397 | D:4      | Killed Blork the orc
  4445 | D:4      | Found an ancient bone altar of Kikubaaqudgha.
  4504 | D:4      | Noticed Duvessa
  4504 | D:4      | Noticed Dowan
  4540 | D:4      | Killed Duvessa
  4540 | D:4      | Reached XP level 7. HP: 14/61 MP: 6/6
  4542 | D:4      | Reached skill level 5 in Armour
  4543 | D:4      | Killed from afar by Dowan

Skill      XL: |  1  2  3  4  5  6  7 |
---------------+----------------------+-----
Fighting       | 4 5 |  5.3
Polearms       | 4 5 6 |  6.8
Armour         | 3 4 5 |  5.0
Dodging        | 3 |  3.5
Stealth        | |  0.2

Action                   |  1- 3 |  4- 6 |  7- 9 || total
-------------------------+-------+-------+-------++-------
Melee: Spear             |    80 |   221 |     2 ||   303
       Headbutt          |     8 |    25 |       ||    33
Invok: Berserk           |     2 |     2 |       ||     4
  Use: Scroll            |     5 |     2 |       ||     7
       Potion            |       |     3 |       ||     3
  Eat: Chunk             |     2 |     4 |       ||     6
       Ration            |     1 |     1 |       ||     2
Armor: Animal skin       |     6 |       |       ||     6
       Leather armour    |     6 |       |       ||     6
       Scale mail        |     1 |   134 |       ||   135
Dodge: Dodged            |    53 |   177 |       ||   230
